 Dungeon Crawl Stone Soup version 5.2-56-g927a965 (webtiles) character file.

2207 Charmandara the Grappler (level 10, -1/87 HPs)
             Began as a Troll Wizard on Feb 11, 2018.
             Was a Priest of Nemelex Xobeh.
             Shot with an arrow by a centaur (16 damage)
             ... on level 10 of the Dungeon on Feb 14, 2018.
             The game lasted 00:29:50 (8438 turns).

Charmandara the Grappler (Troll Wizard)             Turns: 8438, Time: 00:29:50

Health: -1/87      AC:  7 (0%)Str: 22   XL:     10   Next: 59%
Magic:  11/13      EV: 10    Int: 17    God:    Nemelex Xobeh [3*[88]]
Gold:   672        SH:  0    Dex: 13    Spells: 3/13 levels left

rFire    . . .     SeeInvis .     - Unarmed
rCold    . . .     Faith    .   a - staff of wizardry {wiz+, !a}
rNeg     . . .     Spirit   .   b - +0 robe
rPois    .         Reflect  .   q - +1 hat
rElec    .                      C - +0 cloak
rCorr    .                      (gloves unavailable)
MR       .....                  (boots unavailable)
Stlth    ++........             (no amulet)
Regen    0.7/turn               f - +5 ring of dexterity
MPRegen  0.2/turn               v - +5 ring of strength

@: no status effects
A: unfitting armour, claws 3, mutation resistance 1, regeneration 1, tough skin
3
a: Triple Draw, Renounce Religion


You were on level 10 of the Dungeon.
You worshipped Nemelex Xobeh.
Nemelex Xobeh was most pleased with you.
You were not hungry.

You visited 1 branch of the dungeon, and saw 10 of its levels.

You collected 672 gold pieces.

Inventory:

Hand Weapons
 n - a +1 vampiric trident {!w}
   (You found it on level 3 of the Dungeon)
 y - a +2 whip of electrocution
   (You took it off Pikel on level 8 of the Dungeon)
Missiles
 s - 147 poisoned darts (quivered)
 D - 18 curare darts
Armour
 b - a +0 robe (worn)
 q - a +1 hat (worn)
   (You found it on level 4 of the Dungeon)
 C - a +0 cloak (worn)
   (You found it on level 9 of the Dungeon)
 E - a +0 shield
   (You found it on level 10 of the Dungeon)
Magical Staves
 a - an uncursed staff of wizardry (worn) {wiz+, !a}
   (You found it on level 7 of the Dungeon)
Jewellery
 f - a +5 ring of dexterity (left claw)
   (You found it on level 2 of the Dungeon)
 o - an uncursed ring of resist corrosion
   (You found it on level 3 of the Dungeon)
 u - an uncursed ring of see invisible {sInv, !d}
   (You found it on level 4 of the Dungeon)
 v - a +5 ring of strength (right claw)
   (You found it on level 5 of the Dungeon)
 w - an uncursed ring of positive energy {rN+}
   (You found it on level 6 of the Dungeon)
Wands
 z - a wand of paralysis (3)
Scrolls
 c - 2 scrolls of enchant armour
 e - 5 scrolls of amnesia
 g - 2 scrolls of enchant weapon
 l - 6 scrolls of teleportation
 x - 2 scrolls of magic mapping {!r}
 A - a scroll of torment {!r}
 B - a scroll of blinking {!r}
Potions
 d - 3 potions of resistance
 i - 2 potions of magic
 j - 3 potions of invisibility
 m - a potion of mutation
 p - a potion of lignification
 t - 5 potions of curing
Miscellaneous
 h - an ornate deck of escape {cards: 10} {!d}
 k - an ornate deck of summoning {cards: 6} {!d}
 r - an ornate deck of destruction {cards: 35} {!d}


   Skills:
 - Level 2.1 Fighting
 - Level 1.5 Dodging
 - Level 1.0 Stealth
 - Level 12.7 Unarmed Combat
 - Level 2.0 Spellcasting
 * Level 4.2 Summonings
 - Level 0.6 Translocations
 - Level 0.5 Air Magic
 - Level 6.0 Invocations


You had 3 spell levels left.
You knew the following spells:

 Your Spells              Type           Power        Failure   Level  Hunger
a - Magic Dart            Air            3 (25)       6%          1    N/A
b - Blink                 Tloc           N/A          9%          2    N/A
c - Call Canine Familiar  Summ           16 (100)     4%          3    N/A
d - Conjure Flame         Fire/Air       2 (100)      21%         3    N/A
B - Summon Butterflies    Summ           16 (100)     1%          1    N/A

Dungeon Overview and Level Annotations

Branches:
Dungeon (10/15)

Altars:
Cheibriados
Dithmenos
Elyvilon
Gozag
Hepliaklqana
Jiyva
Kikubaaqudgha
Makhleb
Nemelex Xobeh
Okawaru
Qazlal
Ru
Sif Muna
Trog
Uskayaw
Vehumet
Wu Jian
Xom
Yredelemnul
Zin
The Shining One


Innate Abilities, Weirdness & Mutations

You are too large for most types of armour.
You have claws for hands.
Your natural rate of healing is unusually fast.
You have extremely tough skin. (AC +3)
You are somewhat resistant to further mutation.


Message History

You take 5 damage, and have 34/87 hp.
Unknown command.
The orc misses your flayed ghost.
The orc completely misses your flayed ghost.
Something hits your flayed ghost (5).
Your flayed ghost hits the orc (20)!!
The orc dies!
You see here a +0 hand axe.
The orc hits your flayed ghost (2). Something hits your flayed ghost (6).
Your flayed ghost cries, "Suffer as I suffered!"
Your flayed ghost cries, "Feel what I felt!"
The orc hits your flayed ghost (2).
The orc completely misses your flayed ghost.
Something completely misses your flayed ghost.
Your flayed ghost hits the orc (24)!!
The orc dies!
The orc hits your flayed ghost with a +0 dagger (4).
Your flayed ghost barely misses the orc.
Something hits your flayed ghost (8)!
Your flayed ghost hits the orc (18)!!
The orc dies!
The orc misses your flayed ghost.
Something barely misses your flayed ghost.
Your flayed ghost hits the orc (4).
The orc closely misses your flayed ghost.
The orc misses your flayed ghost.
Your flayed ghost stares at the orc with tortured malice.
Something hits your flayed ghost (5).
Your flayed ghost hits the orc (27)!!
The orc dies!
The orc hits your flayed ghost with a +0 flail (5).
Something misses your flayed ghost.
Your flayed ghost hits the orc but does no damage.
The orc misses your flayed ghost.
Your flayed ghost hits the orc (12)!
The orc dies!
Something hits your flayed ghost (6).
Your flayed ghost hits the orc but does no damage.
The orc misses your flayed ghost.
Your flayed ghost hits the orc (7)!
The orc dies!
The orc hits your flayed ghost (3).
Your flayed ghost hits the orc (12)!
The orc dies!
Your flayed ghost disappears in a puff of smoke!
The orc priest mumbles some strange prayers to Beogh against you.
Pain shoots through your body (6)!
You take 5 damage, and have 35/87 hp.
You claw the orc (14)!
You kill the orc!
You claw the orc priest (8)!
You kill the orc priest!
You mangle the white imp (19)!!
You kill the white imp!
You barely miss the orc. You barely miss the orc.
The orc hits you but does no damage.
You mangle the orc (29)!!
You kill the orc!
You barely miss the orc.
Your butterfly disappears in a puff of smoke!
You claw the orc (15)!
You kill the orc!
The centaur wields a +0 shortbow.
The centaur shoots an arrow.
The arrow hits you (7)!
You take 6 damage, and have 32/87 hp.
You scratch the orc but do no damage.
The centaur shoots an arrow.
The arrow completely misses you (0).
The orc hits you with a +0 hand axe (5).
You take 5 damage, and have 27/87 hp.
The orc barely misses you. The orc hits you but does no damage.
The centaur unwields a +0 shortbow.
The centaur barely misses you.
There is an open door, spattered with blood here.
Items here: $ ))))))))))
You claw the centaur (7)!
The orc hits you with a +0 flail of crushing (8)!
* * * LOW HITPOINT WARNING * * *
x2 The orc hits you with a +0 hand axe (3).
* * * LOW HITPOINT WARNING * * *
You take 13 damage, and have 15/87 hp.
Unknown command.
The centaur misses you.
You see here a +0 hand axe.
Unknown command.
Okay, then.
You scratch the orc (3). The orc barely misses you.
You barely miss the orc. The orc misses you.
You claw the orc (12)!
You kill the orc!
You claw the orc (10)!
You kill the orc!
The centaur wields a +0 shortbow.
The centaur shoots an arrow.
The arrow hits you (12)!
* * * LOW HITPOINT WARNING * * *
You take 12 damage, and have 6/87 hp.
Unknown command.
Okay, then.
You feel better.
You regained 8 hp, and now have 14/87 hp.
Unknown command.
You claw the orc (11)!
You kill the orc!
The centaur shoots an arrow.
The arrow hits you (16)!
You die...
Your body glows with a rainbow of weird colours and disappears.

.###### .......
......$ ......)###
......))c##.......#
......o#)##.......#
..$$.).#@##.......#
.......#.##.......#
.......#..#.......#
..)....##.#........
$...... #.#........
....... #.#........
#+# #.......... #.#
##)........
#.###..#.#.....


You could see a centaur.

Vanquished Creatures
  A two-headed ogre (D:8)
  A gargoyle (D:7)
  2 wyverns
  Menkaure (D:8)
  A water moccasin (D:9)
  An orc warrior (D:8)
  A wasp (D:9)
  4 ice beasts
  An ogre (D:9)
  7 centaurs
  3 bullfrogs
  A water moccasin zombie (D:5)
  A scorpion (D:6)
  3 crimson imps
  2 killer bees (D:8)
  A howler monkey (D:5)
  A quasit (D:5)
  2 wasp zombies
  6 orc priests
  3 jellies
  2 hounds
  4 centaur skeletons
  4 orc wizards
  6 worker ants
  A killer bee zombie (D:5)
  2 iguanas
  A wasp simulacrum (D:10)
  2 hound skeletons
  A howler monkey zombie (D:6)
  A howler monkey skeleton (D:4)
  3 adders
  A shadow imp (D:8)
  A white imp (D:10)
  3 ufetubi (D:10)
  2 oozes
  2 adder skeletons (D:4)
  A dart slug (D:1)
  31 orcs
  3 quokkas
  8 giant cockroaches
  7 goblins
  2 hobgoblins
  6 jackals (D:6)
  7 kobolds
  10 bats
  7 frilled lizards
  6 rats
167 creatures vanquished.

Vanquished Creatures (collateral kills)
  Pikel (D:8)
  A spiny frog (D:9)
  A rime drake (D:9)
  A wyvern (D:10)
  2 orc warriors (D:10)
  An ogre (D:5)
  A wasp zombie (D:10)
  2 orc wizards (D:3)
  A worker ant (D:3)
  14 orcs
  A quokka (D:3)
  A bat (D:3)
27 creatures vanquished.

Vanquished Creatures (others)
  2 ball lightnings
  2 slaves (D:8)
  A centaur (D:8)
  A scorpion (D:8)
  4 killer bees (D:8)
  An orc priest (D:5)
11 creatures vanquished.

Grand Total: 205 creatures vanquished

Notes
Turn   | Place    | Note
-------+----------+-------------------------------------------
     0 | D:1      | Charmandara the Troll Wizard began the quest for the Orb.
     0 | D:1      | Reached XP level 1. HP: 16/16 MP: 2/2
    34 | D:1      | Reached skill level 1 in Unarmed Combat
    70 | D:1      | Reached XP level 2. HP: 20/24 MP: 4/4
   253 | D:1      | Reached skill level 2 in Unarmed Combat
   853 | D:2      | Found a sparkling altar of Nemelex Xobeh.
   864 | D:2      | Found a sacrificial altar of Ru.
   875 | D:2      | Became a worshipper of Nemelex Xobeh the Trickster
   932 | D:2      | Reached XP level 3. HP: 31/31 MP: 5/5
   949 | D:2      | Received a gift from Nemelex Xobeh
  1290 | D:2      | Found an ornate altar of the Wu Jian Council.
  1300 | D:2      | Received a gift from Nemelex Xobeh
  1309 | D:2      | Reached skill level 3 in Unarmed Combat
  1469 | D:3      | Found a burning altar of Makhleb.
  1490 | D:3      | Reached skill level 4 in Unarmed Combat
  1490 | D:3      | Reached XP level 4. HP: 39/39 MP: 6/6
  1500 | D:3      | Found a faded altar of an unknown god.
  1508 | D:3      | Reached * piety under Nemelex Xobeh
  1635 | D:3      | Found a bloodstained altar of Trog.
  1704 | D:3      | Found a deep blue altar of Sif Muna.
  1704 | D:3      | Received a gift from Nemelex Xobeh
  1817 | D:3      | Reached XP level 5. HP: 35/45 MP: 7/7
  1820 | D:3      | Reached skill level 5 in Unarmed Combat
  1851 | D:3      | Found a hazy altar of Hepliaklqana.
  2049 | D:3      | Found an opulent altar of Gozag.
  2079 | D:4      | Found a hide-covered altar of Uskayaw.
  2079 | D:4      | Noticed a hand axe
  2079 | D:4      | Noticed a dagger
  2089 | D:4      | Learned a level 2 spell: Blink
  2093 | D:4      | Learned a level 3 spell: Call Canine Familiar
  2111 | D:4      | Gained mutation: Scrolls take you a little longer to read. [potion of mutation]
  2111 | D:4      | Lost mutation: Scrolls take you a little longer to read. [potion of mutation]
  2111 | D:4      | Gained mutation: You are somewhat resistant to further mutation. [potion of mutation]
  2173 | D:4      | Reached XP level 6. HP: 40/53 MP: 8/8
  2302 | D:4      | Found a shadowy altar of Dithmenos.
  2303 | D:4      | Received a gift from Nemelex Xobeh
  2308 | D:4      | Reached skill level 6 in Unarmed Combat
  2420 | D:4      | Found an iron altar of Okawaru.
  2520 | D:4      | Found a viscous altar of Jiyva.
  2908 | D:5      | Entered Level 5 of the Dungeon
  2913 | D:5      | Reached ** piety under Nemelex Xobeh
  2918 | D:5      | Received a gift from Nemelex Xobeh
  2921 | D:5      | Noticed an ice beast
  2924 | D:5      | Killed an ice beast
  2924 | D:5      | Reached skill level 7 in Unarmed Combat
  2969 | D:5      | Found a glowing silver altar of Zin.
  3066 | D:5      | Reached XP level 7. HP: 49/59 MP: 9/9
  3127 | D:5      | Found a basalt altar of Yredelemnul.
  3203 | D:5      | Reached skill level 8 in Unarmed Combat
  3215 | D:5      | Received a gift from Nemelex Xobeh
  3443 | D:5      | Learned a level 3 spell: Conjure Flame
  3744 | D:6      | Reached *** piety under Nemelex Xobeh
  3754 | D:6      | Reached skill level 9 in Unarmed Combat
  3799 | D:6      | Reached XP level 8. HP: 52/67 MP: 10/10
  3950 | D:6      | Found a shimmering altar of Xom.
  3951 | D:6      | Found a shimmering altar of Xom.
  3964 | D:6      | Found a shimmering altar of Xom.
  3964 | D:6      | Found a shimmering altar of Xom.
  3987 | D:6      | Found a snail-covered altar of Cheibriados.
  4075 | D:6      | Reached skill level 10 in Unarmed Combat
  4091 | D:6      | Found a glowing golden altar of the Shining One.
  4183 | D:6      | Found a radiant altar of Vehumet.
  4271 | D:6      | Found a stormy altar of Qazlal.
  4287 | D:6      | Received a gift from Nemelex Xobeh
  4450 | D:6      | Found a white marble altar of Elyvilon.
  4581 | D:7      | Found a snail-covered altar of Cheibriados.
  4667 | D:7      | Received a gift from Nemelex Xobeh
  4809 | D:7      | Noticed a gargoyle
  4819 | D:7      | Killed a gargoyle
  4819 | D:7      | Reached skill level 2 in Invocations
  4933 | D:7      | Reached skill level 11 in Unarmed Combat
  4933 | D:7      | Reached skill level 3 in Invocations
  4976 | D:7      | Reached XP level 9. HP: 60/74 MP: 11/11
  5083 | D:7      | Found an ancient bone altar of Kikubaaqudgha.
  5547 | D:8      | Noticed Pikel
  5556 | D:8      | Killed Pikel
  5556 | D:8      | Reached skill level 4 in Invocations
  5575 | D:8      | Noticed a two-headed ogre
  5597 | D:8      | Killed a two-headed ogre
  5597 | D:8      | Reached skill level 5 in Invocations
  5679 | D:8      | Reached skill level 12 in Unarmed Combat
  5681 | D:8      | Received a gift from Nemelex Xobeh
  5778 | D:8      | Reached skill level 6 in Invocations
  5807 | D:8      | HP: 9/74 [centaur/arrow (16)]
  6018 | D:8      | Noticed Menkaure
  6019 | D:8      | HP: 15/75 [??? (13)]
  6124 | D:8      | HP: 10/75 [centaur/arrow (9)]
  6242 | D:8      | Reached skill level 1 in Fighting
  6333 | D:8      | Reached XP level 10. HP: 48/84 MP: 13/13
  6484 | D:8      | Got An Introduction to Magic
  6549 | D:8      | Learned a level 1 spell: Summon Butterflies
  6703 | D:8      | Reached **** piety under Nemelex Xobeh
  6858 | D:8      | Received a gift from Nemelex Xobeh
  6961 | D:8      | Killed Menkaure
  6961 | D:8      | Reached skill level 2 in Fighting
  7065 | D:9      | Reached skill level 1 in Summonings
  7495 | D:9      | Received a gift from Nemelex Xobeh
  7515 | D:9      | Noticed a spiny frog
  7525 | D:9      | Reached skill level 2 in Summonings
  7527 | D:9      | Killed a spiny frog
  7961 | D:10     | Entered Level 10 of the Dungeon
  7970 | D:10     | HP: 17/87 [orc warrior/+0 battleaxe (9)]
  7973 | D:10     | Reached skill level 3 in Summonings
  8217 | D:10     | Received a gift from Nemelex Xobeh
  8402 | D:10     | Reached skill level 4 in Summonings
  8430 | D:10     | HP: 20/87 [orc/+0 flail of crushing (8)]
  8436 | D:10     | HP: 6/87 [centaur/arrow (12)]
  8438 | D:10     | Shot with an arrow by a centaur

Skill      XL: |  1  2  3  4  5  6  7  8  9 10 |
---------------+-------------------------------+-----
Unarmed Combat | 1 2 4 5 7 9 11 12 | 12.7
Invocations    | 3 6 |  6.0
Fighting       | 1 2 |  2.1
Summonings     | 4 |  4.2
Dodging        | |  1.5
Stealth        | |  1.0
Spellcasting   | |  2.0
Translocations | |  0.6
Air Magic      | |  0.5

Action                   |  1- 3 |  4- 6 |  7- 9 | 10-12 || total
-------------------------+-------+-------+-------+-------++-------
Melee: Unarmed           |   110 |   102 |   144 |   109 ||   465
       Punch             |       |     3 |     9 |       ||    12
Throw: Poisoned dart     |       |       |    56 |       ||    56
 Cast: Call Canine Famil |       |       |       |     6 ||     6
       Summon Butterflie |       |       |       |     3 ||     3
Invok: Triple Draw       |       |       |     1 |     2 ||     3
       Deal Four         |       |       |       |     2 ||     2
Evoke: Deck              |     1 |     6 |     6 |     8 ||    21
       Wand              |       |       |     1 |     4 ||     5
  Use: Potion            |       |     1 |     1 |     2 ||     4
 Stab: Sleeping          |     6 |     4 |       |     2 ||    12
       Paralysed         |       |       |     4 |       ||     4
       Distracted        |       |       |       |     1 ||     1
Armor: Robe              |    47 |    30 |    51 |    30 ||   158
       Skin              |       |       |     2 |       ||     2
Dodge: Dodged            |    66 |    48 |    98 |    56 ||   268

Vault maps used:
D:1:      scummos_arrival_hexagon
D:2:      nemelex_xobeh_ov_fountains_minmay, nicolae_ru_sacrificial_ziggurat,
          lemuel_doored_altar
D:3:      lemuel_round_altar, led_sif_pool, lemuel_crystal_altar,
          lemuel_coloured_pillars_altar, nicolae_overflow_crystal_walls,
          chequers_ecumenical_altar_island
D:4:      grunt_dithmenos_smoke_and_mirrors, lemuel_crystal_altar,
          dancing_weapons_uskayaw, kennysheep_mini
D:5:      old_standard_altar, yredelemnul_altar_generic, serial_park_tiny_1,
          serial_bayou_ford_a, kennysheep_generic_room_14
D:6:      grunt_qazlal_clouds, tso_altar, kennysheep_little_box,
          xom_redecorated, old_standard_altar, basic_altar
D:7:      cheibriados_altar_1, lemuel_zombie_altar_kikubaaqudgha
D:8:      centaur_isle, uniq_pikel, uniq_menkaure
D:10:     serial_ice, serial_ice_n, serial_ice_l, serial_ice_o, serial_ice_e,
          serial_ice_f, serial_ice_c, serial_ice_g, serial_ice_h, serial_ice_a,
          serial_ice_b

Table legend:
 A = Turns spent in this place as a percentage of turns spent in the entire game.
 B = Non-inter-level travel turns spent in this place as a percentage of non-inter-level travel turns spent in the entire game.
 C = Inter-level travel turns spent in this place as a percentage of turns spent in this place.
 D = Turns resting spent in this place as a percentage of non-inter-level travel turns spent in this place.
 E = Turns spent auto-exploring this place as a percentage of non-inter-level travel turns spent in this place.
 F = Non-inter-level travel turns spent in this place divided by the number of levels of this place that you've seen.
                   A       B       C       D       E      F
               +-------+-------+-------+-------+-------+----------------------
         Total | 100.0 | 100.0 |   0.4 |   4.3 |   8.9 | 219.7
       Dungeon | 100.0 | 100.0 |   0.4 |   4.3 |   8.9 | 219.7
               +-------+-------+-------+-------+-------+----------------------

Table legend:
 A = Kills in this place as a percentage of kills in entire the game.
 B = Kills by you in this place as a percentage of kills by you in the entire game.
 C = Kills by friends in this place as a percentage of kills by friends in the entire game.
 D = Other kills in this place as a percentage of other kills in the entire game.
 E = Experience gained in this place as a percentage of experience gained in the entire game.
 F = Experience gained in this place divided by the number of levels of this place that you have seen.
                   A       B       C       D       E      F
               +-------+-------+-------+-------+-------+----------------------
         Total | 100.0 | 100.0 | 100.0 | 100.0 | 100.0 | 879.1
       Dungeon | 100.0 | 100.0 | 100.0 | 100.0 | 100.0 | 879.1
               +-------+-------+-------+-------+-------+----------------------
